AoeStats
← Mac Demarco

Black Forest

510407275Analyzed
3v3 RM · 1d ago on Sep 30, 2026· 60m 22s· 6 players
Game mode
Random Map
Map size
Normal (6 player)
Population
200
Speed
Normal
Resources
Standard
Victory
Conquest
Starting age
Dark Age
Ending age
Imperial Age
RankedLock teamsTeams togetherTeam positionsShared explorationLock speedFull tech treeHidden civsTurbo modeCheats
Victory
Defeat
🇵🇹 Teutons · Portugal
925
+42
🇨🇦 Bohemians · Canada
925
+45
🇵🇹 Celts · Portugal
823
+36
🇨🇭 Chinese · Switzerland
966
-19
🇵🇹 Spanish · Portugal
962
-19
🇧🇷 Persians · Brazil
951
-19
Bako
0:36 Loom
12:58 Feudal Age
14:27 Double-Bit Axe
20:23 Castle Age
18:31 Horse Collar
26:34 Bow Saw
27:23 Gold Mining
28:49 Gold Shaft Mining
28:05 Stone Mining
30:28 Heavy Plow
30:57 Forging
30:47 Scale Mail Armor
34:52 Imperial Age
32:44 Fletching
32:55 Padded Archer Armor
33:22 Squires
33:09 Arson
34:35 Stone Shaft Mining
34:03 Caravan
35:37 Iron Casting
36:49 Two-Man Saw
36:32 Conscription
36:36 Ballistics
37:24 Chemistry
37:16 Elite Fire Lancer
39:00 Blast Furnace
37:50 Heavy Rocket Cart
39:24 Wheelbarrow
39:28 Bodkin Arrow
39:48 Leather Archer Armor
39:49 Chain Mail Armor
39:39 Scale Barding Armor
40:54 Elite Chu Ko Nu
50:11 Plate Mail Armor
50:01 Chain Barding Armor
50:12 Ring Archer Armor
49:42 Bracer
52:05 Light Cavalry
52:56 Bloodlines
Mac Demarco
1:23 Loom
13:12 Feudal Age
18:55 Castle Age
26:28 Horse Collar
31:50 Imperial Age
29:18 Double-Bit Axe
29:53 Murder Holes
30:19 Ballistics
30:29 Caravan
31:19 Scale Barding Armor
31:15 Scale Mail Armor
31:26 Forging
31:06 Fletching
30:54 Pikeman
31:35 Squires
32:01 Bow Saw
31:53 Heavy Plow
31:46 Gold Mining
33:06 Wheelbarrow
31:55 Cavalier
33:28 Conscription
34:25 Hand Cart
34:24 Paladin
35:05 Husbandry
38:11 Halberdier
39:16 Chain Barding Armor
39:12 Chain Mail Armor
39:32 Iron Casting
39:25 Bloodlines
42:01 Plate Barding Armor
41:57 Plate Mail Armor
42:47 Fortified Wall
43:37 Chemistry
52:11 Blast Furnace
51:06 Bodkin Arrow
2Cool2Care
11:53 Feudal Age
12:13 Double-Bit Axe
12:10 Horse Collar
13:42 Gold Mining
14:59 Loom
19:48 Castle Age
20:55 Town Watch
21:59 Wheelbarrow
21:55 Heavy Plow
22:13 Bow Saw
25:12 Hand Cart
24:56 Stone Mining
25:42 Gold Shaft Mining
31:12 Forging
31:02 Scale Mail Armor
31:07 Scale Barding Armor
31:03 Padded Archer Armor
30:53 Fletching
31:18 Caravan
31:25 Elite Skirmisher
31:26 Crossbowman
32:12 Thumb Ring
33:40 Stone Shaft Mining
36:18 Imperial Age
34:17 Ballistics
34:08 Masonry
33:54 Murder Holes
34:30 Parthian Tactics
34:40 Chain Barding Armor
34:35 Chain Mail Armor
34:55 Iron Casting
34:39 Leather Archer Armor
37:34 Two-Man Saw
37:06 Crop Rotation
36:55 Bloodlines
36:45 Husbandry
37:36 Conscription
37:52 Hoardings
37:30 Citadels
37:23 Kamandaran
36:55 Sappers
37:26 Light Cavalry
37:26 Cavalier
37:27 Heavy Camel Rider
37:41 Elite War Elephant
38:21 Kamandaran
37:52 Sappers
41:39 Iron Casting
41:39 Plate Barding Armor
41:45 Plate Barding Armor
41:59 Bodkin Arrow
42:35 Ring Archer Armor
42:35 Plate Mail Armor
43:36 Chemistry
43:22 Architecture
47:16 Hussar
53:12 Blast Furnace
55:56 Savar
AlphaRaven
2:52 Loom
12:16 Feudal Age
16:08 Wheelbarrow
15:20 Double-Bit Axe
15:16 Horse Collar
19:56 Castle Age
20:04 Stone Mining
20:04 Gold Mining
21:05 Bow Saw
20:55 Heavy Plow
29:04 Stone Shaft Mining
31:08 Hand Cart
33:38 Imperial Age
30:55 Town Watch
31:34 Scale Mail Armor
31:44 Forging
31:24 Fletching
31:34 Padded Archer Armor
32:00 Padded Archer Armor
32:05 Elite Skirmisher
33:03 Fortified Wall
33:59 Iron Casting
33:39 Chain Mail Armor
33:48 Ballistics
34:09 Town Patrol
34:56 Crop Rotation
34:58 Bodkin Arrow
34:53 Pikeman
35:34 Squires
36:59 Chemistry
36:06 Siege Engineers
38:49 Blast Furnace
38:20 Plate Mail Armor
38:05 Leather Archer Armor
39:59 Crenellations
40:16 Hoardings
40:03 Conscription
39:32 Heavy Scorpion
39:57 Man-at-Arms
40:23 Gambesons
40:55 Halberdier
40:55 Long Swordsman
43:25 Two-Man Saw
43:26 Ring Archer Armor
43:01 Scale Barding Armor
44:41 Ironclad
44:06 Two-Handed Swordsman
45:37 Arson
46:16 Onager
51:25 Siege Onager
56:10 Caravan
56:43 Coinage
58:40 Champion
58:45 Elite Teutonic Knight
59:23 Sappers
Marcos
9:33 Loom
13:42 Feudal Age
15:16 Wheelbarrow
14:40 Double-Bit Axe
19:09 Castle Age
17:04 Gold Mining
17:29 Forging
17:20 Scale Mail Armor
17:50 Man-at-Arms
18:17 Arson
20:05 Hand Cart
20:12 Bow Saw
19:57 Horse Collar
26:56 Ballistics
29:01 Fortified Wall
29:03 Scale Barding Armor
30:12 Coinage
30:51 Iron Casting
30:23 Stone Mining
31:21 Gold Shaft Mining
30:45 Murder Holes
31:47 Heavy Plow
35:47 Imperial Age
33:02 Town Watch
34:03 Chain Mail Armor
33:42 Gambesons
34:18 Pikeman
34:19 Long Swordsman
35:10 Husbandry
34:31 Light Cavalry
35:07 Guard Tower
35:07 Heated Shot
35:24 Padded Archer Armor
35:15 Fletching
36:13 Town Patrol
37:03 Stone Shaft Mining
37:33 Blast Furnace
36:36 Two-Handed Swordsman
36:40 Cavalier
38:05 Hoardings
39:16 Chemistry
39:09 Caravan
39:52 Banking
39:43 Stronghold
40:15 Conscription
40:40 Halberdier
40:45 Heavy Scorpion
40:49 Capped Ram
42:22 Guilds
42:06 Onager
43:44 Champion
46:58 Bodkin Arrow
47:22 Siege Onager
50:45 Hussar
52:14 Siege Ram
57:21 Furor Celtica
56:42 Sappers
56:36 Elite Woad Raider
57:13 Arrowslits
58:03 Keep
HellHoundAdy
10:45 Feudal Age
17:39 Castle Age
15:42 Horse Collar
21:16 Loom
23:28 Wheelbarrow
23:14 Double-Bit Axe
25:45 Caravan
26:33 Fervor
30:32 Imperial Age
29:00 Hand Cart
28:31 Town Watch
28:21 Pikeman
29:02 Squires
29:02 Arson
29:36 Heavy Plow
30:47 Town Patrol
32:20 Chemistry
31:55 Ballistics
32:43 Siege Engineers
33:52 Fletching
34:03 Padded Archer Armor
34:15 Forging
34:07 Scale Mail Armor
34:06 Murder Holes
34:23 Masonry
37:35 Halberdier
39:14 Architecture
38:43 Bodkin Arrow
39:03 Leather Archer Armor
38:46 Houfnice
40:56 Iron Casting
40:37 Chain Mail Armor
40:23 Bracer
40:56 Ring Archer Armor
45:00 Bow Saw
46:36 Blast Furnace
46:08 Plate Mail Armor
49:44 Wagenburg Tactics
49:48 Hussite Reforms
49:07 Elite Hussite Wagon
50:11 Conscription
56:17 Two-Man Saw
Connection lost

Rejoining the realm…

Still unreachable

The connection could not be restored.

Session expired

The server has moved on; the page needs a fresh start.